 Dungeon Crawl Stone Soup version 0.26.0-10-g1f06aea511 (webtiles) character file.

Game seed: 1138745050828606649

317 inmateoo the Digger (level 6, 0/36 HPs)
             Began as an Octopode Earth Elementalist on Jan 15, 2021.
             Was an Initiate of Gozag.
             Slain by an orc wizard
             ... wielding a +0 dagger
              (3 damage)
             ... on level 4 of the Dungeon.
             The game lasted 00:05:31 (3845 turns).

inmateoo the Digger (Octopode Earth Elementalist)   Turns: 3845, Time: 00:05:32

Health: 0/36       AC:  1    Str:  7    XL:     6   Next: 44%
Magic:  6/11       EV: 13    Int: 19    God:    Gozag
Gold:   221        SH:  0    Dex: 13    Spells: 6/12 levels left

rFire    . . .     SeeInvis .   i - +2 short sword (drain)
rCold    . . .     Faith    .   (no shield)
rNeg     . . .     Spirit   .   (helmet restricted)
rPois    .         Reflect  .   (no amulet)
rElec    .         Harm     .   n - ring of stealth
rCorr    .         Rampage  .   (no ring)
Will     .....                  (no ring)
Stlth    ++++......             (no ring)
HPRegen  0.12/turn              (no ring)
MPRegen  0.12/turn              (no ring)
                                (no ring)
                                (no ring)

@: no status effects
A: almost no armour, stealthy swim, amphibious, 8 rings, constrict 8, camouflage
1, gelatinous body 1
a: Renounce Religion, Potion Petition, Call Merchant, Bribe Branch


You were on level 4 of the Dungeon.
You worshipped Gozag.
Gozag was aware of your devotion.
You visited 1 branch of the dungeon, and saw 4 of its levels.

You collected 261 gold pieces.
You paid 40 gold pieces to Gozag.

Inventory:

Hand Weapons
 i - a +2 short sword of draining (weapon)
Missiles
 a - 12 poisoned darts (quivered)
 b - 77 stones
Armour
 j - a +0 buckler
Jewellery
 n - a ring of stealth (left tentacle)
Scrolls
 c - a scroll of remove curse {unknown}
 p - a scroll of blinking
Potions
 d - 3 potions of curing {unknown}
 e - a potion of lignification {unknown}
 h - a potion of flight {unknown}
 k - a potion of magic {unknown}
 l - a potion of might {unknown}


   Skills:
 - Level 2.0 Dodging
 - Level 4.0 Stealth
 + Level 3.8 Spellcasting
 - Level 3.0 Transmutations
 + Level 4.7 Earth Magic


You had 6 spell levels left.
You knew the following spells:

 Your Spells              Type           Power        Failure   Level
a - Sandblast             Erth           42%          1%          1
b - Passwall              Tmut/Erth      15%          4%          2
c - Stone Arrow           Conj/Erth      24%          16%         3

Your spell library contained the following spells:

 Spells                   Type           Power        Failure   Level
 Petrify                  Tmut/Erth      18%          28%         4
 Lee's Rapid Deconstruct  Erth           10%          50%         5


Dungeon Overview and Level Annotations

Branches:
Dungeon (4/15)
 Temple: D:4-7

Altars:
Gozag
Vehumet
Yredelemnul
Zin
The Shining One

Annotations:
D:4 Robin


Innate Abilities, Weirdness & Mutations

You cannot wear most types of armour.
You are very stealthy in the water. (Stealth+)
You are amphibious.
You can wear up to eight rings at the same time.
You can use your tentacles to constrict eight enemies at once.
Your skin changes colour to match your surroundings (Stealth+).
Your rubbery body absorbs attacks. (AC +1, EV +1)


Message History

Casting: Sandblast (safe; 1% risk of failure)
Confirm with . or Enter, or press ? or * to list all spells.
Aiming: Sandblast (safe; 1% risk of failure)
Press: ? - help, Shift-Dir - straight line, f/p - orc wizard
Aim: an orc wizard, wielding a +0 dagger and wearing a +2 robe of the Archmagi (severely wounded, fast, 24% to evade)
The blast of sand misses the orc wizard.
b - 78 stones The orc wizard hits you with a +0 dagger.
* * * LOW HITPOINT WARNING * * *
Okay, then.
Casting: Sandblast (safe; 1% risk of failure)
Confirm with . or Enter, or press ? or * to list all spells.
Aiming: Sandblast (safe; 1% risk of failure)
Press: ? - help, Shift-Dir - straight line, f/p - orc wizard
Aim: an orc wizard, wielding a +0 dagger and wearing a +2 robe of the Archmagi (severely wounded, fast, 24% to evade)
The blast of sand misses the orc wizard.
b - 77 stones The orc wizard hits you with a +0 dagger.
You die...
Your body crumbles into a pile of gold.

#.....######.###.#.....#.##..##.#
#..............#.#..........)....
###.############.########........
#............#.............#.##
#.##.......#########.........#
#.##.####..###.####.....#######
#>...........[).....o...'......
####...##..###o####.#...#######
#.#.#...# #@# #.#...#......
#.#.#.#.# #.## #.#....o.####
###.#.#####..###.#######.##.
#.#.# #......#.# ##..$ #.#.#
#......#.# ######..$
#.#.###......#.# .......$.
#.#.##..)....#.# ######...
##.#..........#.# #...
#....###......#.# ....


You could see an orc wizard (fast).

Vanquished Creatures
  A phantom (D:4)
  Terence (D:3)
  6 adders
  4 gnolls
  An adder skeleton (D:4)
  A worm (D:2)
  2 dart slugs
  2 leopard geckos
  5 orcs
  A ball python (D:4)
  2 giant cockroaches
  2 gnoll zombies (D:3)
  10 goblins
  13 hobgoblins
  7 jackals
  A quokka (D:4)
  11 bats
  3 frilled lizards
  9 kobolds
  5 rats
87 creatures vanquished.

Vanquished Creatures (collateral kills)
  An adder (D:3)
  A kobold (D:3)
2 creatures vanquished.

Grand Total: 89 creatures vanquished

Notes
Turn   | Place    | Note
-------+----------+-------------------------------------------
     0 | D:1      | inmateoo the Octopode Earth Elementalist began the quest
                  | for the Orb.
     0 | D:1      | Reached XP level 1. HP: 11/11 MP: 3/3
   221 | D:1      | Reached XP level 2. HP: 14/17 MP: 5/5
   884 | D:2      | Reached XP level 3. HP: 17/21 MP: 1/6
  1145 | D:2      | Found a radiant altar of Vehumet.
  1284 | D:2      | Found a glowing golden altar of the Shining One.
  1375 | D:2      | Reached XP level 4. HP: 27/27 MP: 7/7
  1491 | D:2      | Found a glowing silver altar of Zin.
  1508 | D:2      | Learned a level 2 spell: Passwall
  1813 | D:3      | Noticed Terence
  1827 | D:3      | Killed Terence
  1904 | D:3      | Reached XP level 5. HP: 27/31 MP: 5/9
  2351 | D:3      | Found an opulent altar of Gozag.
  2374 | D:3      | Became a worshipper of Gozag Ym Sagoz the Greedy
  2791 | D:3      | Learned a level 3 spell: Stone Arrow
  3064 | D:3      | Found a basalt altar of Yredelemnul.
  3193 | D:4      | Noticed a phantom
  3346 | D:4      | Killed a phantom
  3347 | D:4      | Reached XP level 6. HP: 18/36 MP: 0/11
  3703 | D:4      | Noticed Robin
  3845 | D:4      | Slain by an orc wizard

Illustrated notes

Levels and vault maps discovered:
D:1:      zaba_arrival_water, layout_loops_cross, minmay_misc_feat_more_columns,
          minmay_surrounded
D:2:      layout_loops_ring, zin_scriptorium, vehumet_crystals,
          nicolae_tso_swordbearing_angel
D:3:      layout_basic, lemuel_zombie_altar_yredelemnul,
          nicolae_gozag_seed_capital, uniq_terence
D:4:      layout_basic, serial_co_window_serial, co_window_corner_a,
          co_window_paths_b, co_window_paths_a, co_window_of_opportunity_a,
          co_window_paths_a, co_window_of_opportunity_b, co_window_corner_cb,
          co_window_of_opportunity_c, co_window_unsneaky_path_a,
          co_window_corner_b, co_window_sun, glass_columns_a, glass_columns_a,
          glass_columns_b, glass_columns_a, serial_shops, shop_statue,
          uniq_robin

Skill      XL: |  1  2  3  4  5 |
---------------+----------------+-----
Stealth        | 3 4 |  4.0
Transmutations | 2 3 |  3.0
Spellcasting   | 3 |  3.8
Earth Magic    | 4 |  4.7
Dodging        | |  2.0

Action                   |  1- 3 |  4- 6 || total
-------------------------+-------+-------++-------
Melee: Whip              |    11 |       ||    11
       Unarmed           |     3 |       ||     3
       Constrict         |     7 |     9 ||    16
       Tentacles         |     1 |     4 ||     5
       Short sword       |    25 |    46 ||    71
Throw: Dart              |     1 |     2 ||     3
 Cast: Sandblast         |    24 |    75 ||    99
  Use: Scroll            |       |     7 ||     7
       Potion            |       |     2 ||     2
 Stab: Sleeping          |    11 |     9 ||    20
Armor: Skin              |     2 |     8 ||    10
Dodge: Dodged            |    24 |    52 ||    76
